 Dungeon Crawl Stone Soup version 0.25.1-2-g60ff931df9 (webtiles) character file.

Game seed: 10322358716686660150

20972 nikku the Fighter (level 12, -1/175 HPs)
             Began as a Minotaur Berserker on Nov 9, 2020.
             Was a High Priest of Trog.
             Slain by a 14-headed hydra (9 damage)
             ... summoned by a boggart
             ... on level 6 of the Lair of Beasts.
             The game lasted 00:29:13 (14435 turns).

nikku the Fighter (Minotaur Berserker)             Turns: 14435, Time: 00:29:13

Health: -1/175     AC: 26    Str: 26    XL:     12   Next: 50%
Magic:  11/11      EV:  2    Int:  4    God:    Trog [*****.]
Gold:   889        SH:  4    Dex: 11    Spells: 11/11 levels left

rFire    + . .     SeeInvis .   n - +1 war axe
rCold    + . .     Gourm    .   q - +0 buckler
rNeg     + + +     Faith    .   (armour currently unavailable)
rPois    +         Spirit   .   (helmet currently unavailable)
rElec    +         Reflect  .   (cloak currently unavailable)
rCorr    +         Harm     .   (gloves currently unavailable)
MR       .....     NoTele   +   (boots currently unavailable)
Stlth    +.........             z - amulet of the acrobat
HPRegen  0.39/turn              j - ring of poison resistance
MPRegen  0.12/turn              o - +4 ring of evasion

@: mighty, tree-form, resistant, very slightly contaminated
A: (retaliatory headbutt)
a: Berserk, Trog's Hand, Brothers in Arms, Renounce Religion


You were on level 6 of the Lair of Beasts.
You worshipped Trog.
Trog was extremely pleased with you.
You were not hungry.
You were a tree.
You visited 2 branches of the dungeon, and saw 15 of its levels.

You collected 889 gold pieces.

Inventory:

Hand Weapons
 n - a +1 war axe (weapon)
Missiles
 p - 52 poisoned darts (quivered)
 v - 3 curare-tipped darts
Armour
 q - a +0 buckler (worn)
 y - the +0 pair of gloves "Cuephitaod" (melded) {rF+}
   (You found it on level 7 of the Dungeon)

   It protects you from fire.
 A - a +0 plate armour (melded)
Jewellery
 j - a ring of poison resistance (left branch)
 l - an uncursed ring of fire
 o - a +4 ring of evasion (right branch)
 z - an amulet of the acrobat (around neck)
Wands
 f - a wand of random effects (86)
 g - a wand of clouds (6)
 F - a wand of paralysis (10)
Scrolls
 a - a scroll of enchant armour {unknown}
 e - 9 scrolls of remove curse
 m - 5 scrolls of identify
Potions
 b - 2 potions of mutation
 d - 2 potions of curing
 h - 4 potions of lignification
 i - 4 potions of might
 k - a potion of resistance
 r - 3 potions of haste
 s - 2 potions of flight
 t - 3 potions of cancellation
 w - a potion of ambrosia
 x - a potion of invisibility
Miscellaneous
 B - a lightning rod (4/4)
 D - a phial of floods
Comestibles
 c - 25 rations


   Skills:
 + Level 14.2 Fighting
 + Level 14.1 Axes
 + Level 14.0 Armour
 - Level 2.1 Dodging
 - Level 4.0 Shields


You had 11 spell levels left.
You didn't know any spells.
Your spell library was empty.

Dungeon Overview and Level Annotations

Branches:
Dungeon (10/15)            Temple (0/1) D:7            Lair (4/6) D:8
  Swamp (0/4) Lair:2        Snake (0/4) Lair:2          Orc (0/2) D:9

Altars:
Fedhas
Gozag
Qazlal
Ru
Sif Muna
Trog
Uskayaw
Vehumet
Wu Jian
Xom
Yredelemnul
Zin
The Shining One

Shops:
D:6 %


Innate Abilities, Weirdness & Mutations

((You reflexively headbutt those who attack you in melee.))
((You have a pair of horns on your head.))


Message History

You hit the spiny frog.
The spiny frog is lightly wounded.
You slice the spiny frog!!
The spiny frog is severely wounded.
The spiny frog stings you.
* * * LOW HITPOINT WARNING * * *
You barely miss the spiny frog.
The spiny frog is severely wounded.
The spiny frog stings you but does no damage.
You slash the spiny frog!
You kill the spiny frog!
The spiny frog's corpse dissolves into shadows!
You hack one of the 13-headed hydra's heads off!
The 12-headed hydra grows two more!
You slash the 14-headed hydra!
The 14-headed hydra is moderately wounded.
The 14-headed hydra bites you but does no damage. x3
The 14-headed hydra bites you.
* * * LOW HITPOINT WARNING * * *
The 14-headed hydra bites you!
You die...

.♣ .♣ ..
.♣ ♣.
♣.♣♣
♣.)♣ ♣♣♣
♣D♣ ♣F♣
♣ ♣♣H♣
♣hi♣♣h♣♣
♣..h.S♣
♣♣...♣♣
♣.h.
♣i..


You could see a 14-headed hydra (summoned), a hippogriff (summoned), a spiny
frog (summoned), a water moccasin (summoned) and a wolf (wandering).

Vanquished Creatures
  Rupert (Lair:4)
  Harold (D:7)
  A two-headed ogre (D:9)
  Nergalle (Lair:3)
  An oklob plant (Lair:2)
  Psyche (D:10)
  A torpor snail (Lair:3)
  A black mamba (Lair:3)
  A gargoyle (D:10)
  A spiny frog (Lair:3)
  2 komodo dragons
  A troll (D:10)
  4 hornets (Lair:6)
  3 polar bears (Lair:6)
  A bog body (Lair:2)
  A dream sheep (Lair:6)
  5 hippogriffs
  8 spriggans (Lair:6)
  7 yaks
  Eustachio (D:6)
  3 hogs (D:9)
  2 humans (D:9)
  Menkaure (D:6)
  4 nagas (Lair:2)
  4 water moccasins
  Duvessa (D:5)
  8 porcupines
  A hornet zombie (D:5)
  2 ogres
  5 orc warriors
  2 ice beasts
  A sky beast (D:8)
  8 black bears
  A necrophage (D:10)
  19 wolves
  5 centaurs
  3 crocodiles
  6 bullfrogs
  Dowan (D:5)
  4 scorpions
  5 killer bees (D:10)
  4 wights (D:9)
  12 howler monkeys
  An electric eel (Lair:4)
  A gnoll shaman (D:4)
  2 bullfrog zombies
  3 jellies
  7 orc priests
  5 hounds
  5 orc wizards
  2 bullfrog skeletons
  4 iguanas
  5 worker ants
  8 gnolls
  A howler monkey skeleton (D:7)
  16 adders
  2 shadow imps
  5 oozes
  An adder zombie (D:8)
  A worm (D:2)
  An adder skeleton (D:5)
  7 leopard geckos
  29 orcs
  12 bats
  6 giant cockroaches
  9 goblins
  10 hobgoblins
  10 jackals
  3 quokkas
  5 frilled lizards
  8 kobolds
  4 rats
  4 fungi
322 creatures vanquished.

Vanquished Creatures (others)
  4 fungi (D:8)
  2 plants (D:8)
6 creatures vanquished.

Grand Total: 328 creatures vanquished

Notes
Turn   | Place    | Note
-------+----------+-------------------------------------------
     0 | D:1      | nikku the Minotaur Berserker began the quest for the Orb.
     0 | D:1      | Reached XP level 1. HP: 19/19 MP: 0/0
   110 | D:1      | Reached XP level 2. HP: 17/27 MP: 1/1
   739 | D:1      | Reached XP level 3. HP: 31/33 MP: 2/2
   768 | D:1      | Reached ** piety under Trog
  1517 | D:2      | Reached XP level 4. HP: 37/41 MP: 3/3
  1558 | D:2      | Found a basalt altar of Yredelemnul.
  1572 | D:2      | You fall into a shaft and drop 1 floor!
  1644 | D:3      | Found a faded altar of an unknown god.
  1942 | D:2      | Found a stormy altar of Qazlal.
  1942 | D:2      | Found a radiant altar of Vehumet.
  2362 | D:3      | Reached XP level 5. HP: 47/47 MP: 4/4
  2398 | D:3      | Reached skill level 5 in Fighting
  2398 | D:3      | Reached skill level 5 in Axes
  2458 | D:3      | Reached skill level 1 in Shields
  2580 | D:3      | Reached *** piety under Trog
  2839 | D:4      | Reached XP level 6. HP: 56/56 MP: 3/5
  3431 | D:4      | Reached skill level 5 in Armour
  3576 | D:4      | Found a glowing golden altar of the Shining One.
  3796 | D:5      | Entered Level 5 of the Dungeon
  3863 | D:5      | Reached XP level 7. HP: 36/62 MP: 3/6
  4049 | D:5      | Noticed Dowan
  4049 | D:5      | Noticed Duvessa
  4066 | D:5      | Killed Duvessa
  4073 | D:5      | Killed Dowan
  4152 | D:5      | Found a shimmering blue altar of Sif Muna.
  4629 | D:5      | Found an ornate altar of the Wu Jian Council.
  4684 | D:6      | Reached XP level 8. HP: 46/73 MP: 3/7
  4822 | D:6      | Noticed Eustachio
  4847 | D:6      | Killed Eustachio
  4970 | D:6      | Noticed Menkaure
  4979 | D:6      | Killed Menkaure
  5071 | D:6      | Found Maisim's Food Shop.
  5111 | D:6      | Found a shimmering altar of Xom.
  5307 | D:6      | Found a sacrificial altar of Ru.
  5698 | D:7      | Found a bloodstained altar of Trog.
  5699 | D:7      | Found a blossoming altar of Fedhas.
  6294 | D:7      | Noticed Harold
  6305 | D:7      | Killed Harold
  6305 | D:7      | Reached XP level 9. HP: 83/83 MP: 4/8
  6559 | D:7      | Found a staircase to the Ecumenical Temple.
  6627 | D:7      | Found an opulent altar of Gozag.
  6684 | D:7      | Got a pair of blackened gloves
  6695 | D:7      | Identified the +0 pair of gloves "Cuephitaod" {rF+} (You
                  | found it on level 7 of the Dungeon)
  7358 | D:8      | Reached **** piety under Trog
  7490 | D:8      | Reached skill level 10 in Fighting
  7500 | D:8      | Reached skill level 10 in Axes
  7788 | D:8      | Found a glowing golden altar of the Shining One.
  8054 | D:8      | Found a hide-covered altar of Uskayaw.
  8119 | D:8      | Found a staircase to the Lair.
  8550 | D:9      | Reached XP level 10. HP: 94/94 MP: 9/9
  8553 | D:9      | Reached skill level 10 in Armour
  8595 | D:9      | Noticed a two-headed ogre
  8609 | D:9      | Killed a two-headed ogre
  8611 | D:9      | Found a staircase to the Orcish Mines.
  9483 | D:9      | Found a glowing silver altar of Zin.
  9532 | D:10     | Entered Level 10 of the Dungeon
  9538 | D:10     | Noticed a gargoyle
  9561 | D:10     | Killed a gargoyle
 10075 | D:10     | Reached XP level 11. HP: 83/104 MP: 10/10
 10525 | D:10     | Noticed Psyche
 10531 | D:10     | Killed Psyche
 10836 | Lair:1   | Entered Level 1 of the Lair of Beasts
 11648 | Lair:2   | Found a staircase to the Snake Pit.
 11863 | Lair:2   | Found a staircase to the Swamp.
 11935 | Lair:2   | Noticed an oklob plant
 11966 | Lair:2   | Killed an oklob plant
 12914 | Lair:3   | Noticed Nergalle
 12936 | Lair:3   | Killed Nergalle
 13807 | Lair:4   | Got a buzzing ring mail
 13818 | Lair:4   | Identified the +2 ring mail "Esemmu" {Int+3} (You found it
                  | on level 4 of the Lair of Beasts)
 13841 | Lair:4   | Noticed Rupert
 13863 | Lair:4   | Killed Rupert
 13863 | Lair:4   | Reached XP level 12. HP: 115/115 MP: 11/11
 14336 | Lair:4   | You fall into a shaft and drop 2 floors!
 14336 | Lair:6   | Entered Level 6 of the Lair of Beasts
 14369 | Lair:6   | Noticed a six-headed hydra
 14379 | Lair:6   | Reached ***** piety under Trog
 14435 | Lair:6   | HP: 8/175 [14-headed hydra[a boggart] (3)]
 14435 | Lair:6   | Slain by a 14-headed hydra

Illustrated notes

Levels and vault maps discovered:
D:1:      kennysheep_arrival_seaside, layout_loops_ring,
          hangedman_decor_clover_reticule
D:2:      layout_basic, nicolae_overflow_crystal_walls,
          grunt_temple_overflow_open, first_ration, hex_large
D:3:      layout_loops_cross, chequers_ecumenical_altar_simple,
          bh_walls_and_bars
D:4:      layout_basic, tso_altar
D:5:      layout_cave_pools, kennysheep_mini_moat, kennysheep_little_box,
          uniq_duvessa
D:6:      wander_river, layout_cave_pods, lemuel_doored_altar, serial_shops,
          shop, xom_teletrap_fun, uniq_menkaure, uniq_eustachio
D:7:      layout_loops_ring, nicolae_overflow_hidden_temple, minitemple,
          minmay_temple_entry_offerings, kennysheep_opposing_triangles,
          uniq_harold
D:8:      layout_basic, overflow_temple_1_default,
          grunt_lair_entry_orc_guard_hut, basic_altar
D:9:      layout_basic, overflow_temple_1_default, erik_orc_4, grunt_livestock
D:10:     layout_irregular_city, uniq_psyche
Lair:1:   layout_loops_ring, lemuel_fruit_tree
Lair:2:   layout_hall_layers, skrybe_swamp_entry_bodies,
          minmay_snake_entry_guardpost_small
Lair:3:   layout_cave_pods, uniq_nergalle
Lair:4:   layout_loops_ring, serial_rivers, chequers_serial_rivers_micro_b,
          chequers_serial_rivers_small_b, chequers_serial_rivers_small_a,
          chequers_serial_rivers_marsh, minivault_11, serial_bayou_shore_a,
          uniq_rupert
Lair:6:   minmay_lair_end_enchanted_forest, layout_misc_corridors,
          dpeg_slime_entry_enclosed_altar, basic_altar

Skill      XL: |  1  2  3  4  5  6  7  8  9 10 11 12 |
---------------+-------------------------------------+-----
Fighting       | 4 5 7 9 10 11 13 14 | 14.2
Axes           | 4 5 7 9 10 11 13 14 | 14.1
Armour         | 3 4 5 6 8 9 11 13 14 | 14.0
Shields        | 2 3 4 |  4.0
Dodging        | |  2.1

Action                   |  1- 3 |  4- 6 |  7- 9 | 10-12 || total
-------------------------+-------+-------+-------+-------++-------
Melee: Hand axe          |    77 |   159 |   135 |       ||   371
       Headbutt          |    11 |    23 |    51 |    96 ||   181
       War axe           |       |       |    97 |   464 ||   561
Throw: Dart              |       |       |     5 |       ||     5
Invok: Trog's Hand       |       |     1 |     6 |     9 ||    16
       Berserk           |       |     1 |     4 |     5 ||    10
  Use: Scroll            |     1 |     7 |     9 |     8 ||    25
       Potion            |       |       |     1 |     7 ||     8
 Stab: Sleeping          |       |     5 |       |       ||     5
  Eat: Chunk             |     2 |     9 |    11 |    12 ||    34
       Ration            |       |       |     2 |     5 ||     7
Armor: Animal skin       |    14 |       |       |       ||    14
       Ring mail         |     2 |    42 |    31 |    72 ||   147
       Chain mail        |       |       |    34 |       ||    34
       Plate armour      |       |       |       |   124 ||   124
       Skin              |       |       |       |    39 ||    39
Dodge: Dodged            |    57 |    89 |   157 |   325 ||   628
Block: Buckler           |       |    18 |    47 |   113 ||   178
